AoeStats
← Goku_San

Black Forest

509054926Analyzed
4v4 RM · 8d ago on Sep 25, 2026· 43m 30s· 8 players
Game mode
Random Map
Map size
Large (8 player)
Population
200
Speed
Normal
Resources
Standard
Victory
Conquest
Starting age
Dark Age
Ending age
Imperial Age
RankedLock teamsTeams togetherTeam positionsShared explorationLock speedFull tech treeHidden civsTurbo modeCheats
Victory
Defeat
🇦🇺 Dravidians · Australia
1398
+13
🇮🇱 Mongols · Israel
1301
+17
🇳🇿 Gurjaras · New Zealand
1286
+31
🇺🇸 Persians · United States
1228
+20
🇨🇳 Bohemians · China
1536
-26
🇨🇳 Mongols · China
1332
-24
🇨🇳 Britons · China
1249
-14
🇨🇳 Slavs · China
1168
-11
Charlesmartel
0:50 Loom
11:59 Feudal Age
16:06 Castle Age
14:41 Double-Bit Axe
14:36 Horse Collar
16:08 Gold Mining
17:25 Bow Saw
17:58 Sanctity
22:27 Herbal Medicine
25:59 Devotion
25:59 Atonement
28:09 Heavy Plow
32:08 Town Watch
33:56 Wheelbarrow
36:59 Imperial Age
34:55 Light Cavalry
37:35 Scale Barding Armor
37:40 Forging
40:43 Chain Barding Armor
40:56 Conscription
43:54 Stone Mining
Mango
5:20 Loom
10:45 Feudal Age
14:28 Castle Age
12:27 Double-Bit Axe
12:25 Horse Collar
20:03 Bow Saw
20:14 Gold Mining
24:03 Wheelbarrow
27:45 Imperial Age
25:27 Fletching
25:37 Padded Archer Armor
26:19 Hand Cart
26:37 Bloodlines
26:28 Husbandry
28:00 Bodkin Arrow
29:11 Bracer
29:27 Leather Archer Armor
30:17 Chemistry
28:47 Elite Elephant Archer
30:34 Thumb Ring
31:53 Ballistics
32:18 Coinage
32:23 Heavy Plow
32:42 Forging
32:37 Scale Barding Armor
33:46 Kshatriyas
36:22 Iron Casting
36:07 Chain Barding Armor
37:30 Banking
37:30 Caravan
38:56 Conscription
39:26 Plate Barding Armor
39:29 Light Cavalry
42:52 Town Watch
43:09 Scale Mail Armor
motivationman23
0:46 Loom
16:47 Feudal Age
24:33 Castle Age
23:26 Town Watch
24:20 Double-Bit Axe
24:33 Stone Mining
25:31 Bow Saw
30:02 Bow Saw
34:55 Wheelbarrow
38:32 Imperial Age
36:13 Husbandry
37:24 Bloodlines
38:42 Scale Barding Armor
38:51 Forging
42:12 Hand Cart
43:00 Two-Man Saw
41:24 Cavalier
42:26 Chain Barding Armor
42:42 Iron Casting
42:55 Gold Mining
Goku_San
4:30 Loom
9:28 Feudal Age
9:54 Double-Bit Axe
13:56 Castle Age
12:23 Horse Collar
15:21 Bow Saw
15:43 Heavy Plow
22:37 Wheelbarrow
22:00 Gold Mining
22:10 Stone Mining
25:39 Ballistics
28:01 Imperial Age
25:28 Fletching
27:32 Ballistics
27:15 Bodkin Arrow
27:58 Gold Shaft Mining
27:49 Padded Archer Armor
28:16 Thumb Ring
28:48 Bracer
29:04 Leather Archer Armor
29:46 Bloodlines
29:36 Husbandry
31:11 Chemistry
31:04 Conscription
31:15 Parthian Tactics
30:49 Capped Ram
31:37 Elite Mangudai
33:52 Hand Cart
34:00 Siege Ram
38:47 Drill
39:04 Heavy Scorpion
我帅我坐中
0:38 Loom
11:47 Feudal Age
16:33 Castle Age
14:44 Stone Mining
14:54 Double-Bit Axe
14:55 Horse Collar
18:55 Squires
18:15 Pikeman
38:54 Gold Mining
40:24 Elite Skirmisher
英雄在中
11:00 Feudal Age
14:48 Castle Age
12:39 Double-Bit Axe
14:29 Horse Collar
17:30 Bow Saw
18:55 Wheelbarrow
20:20 Heavy Plow
21:03 Hand Cart
24:19 Gold Mining
25:44 Gold Shaft Mining
25:46 Loom
29:00 Imperial Age
26:34 Stone Mining
26:50 Heavy Plow
27:02 Fletching
27:29 Padded Archer Armor
27:51 Ballistics
28:13 Stone Shaft Mining
28:19 Bodkin Arrow
28:40 Leather Archer Armor
29:41 Bracer
30:42 Chemistry
30:52 Conscription
29:53 Elite Mangudai
30:44 Onager
32:47 Drill
34:12 Bloodlines
34:02 Husbandry
34:09 Thumb Ring
34:30 Parthian Tactics
34:34 Siege Onager
35:22 Siege Engineers
42:02 Light Cavalry
42:50 Scale Barding Armor
42:56 Forging
229494100
12:08 Feudal Age
13:02 Double-Bit Axe
17:54 Castle Age
16:10 Horse Collar
18:25 Stone Mining
18:32 Gold Mining
20:46 Wheelbarrow
20:55 Wheelbarrow
24:26 Bow Saw
26:03 Hand Cart
26:40 Squires
26:00 Pikeman
26:27 Gambesons
26:44 Elite Skirmisher
28:19 Loom
28:41 Padded Archer Armor
28:32 Fletching
29:43 Gold Shaft Mining
31:34 Masonry
31:06 Treadmill Crane
31:37 Fortified Wall
31:49 Ballistics
34:46 Imperial Age
32:35 Scale Mail Armor
34:49 Halberdier
41:06 Leather Archer Armor
40:47 Bodkin Arrow
_FJ_将心
1:17 Loom
13:04 Feudal Age
16:57 Castle Age
15:01 Double-Bit Axe
15:11 Horse Collar
17:56 Wheelbarrow
17:40 Heavy Plow
17:53 Bow Saw
19:31 Fervor
26:29 Imperial Age
25:46 Chemistry
25:39 Hand Cart
25:19 Town Watch
25:52 Scale Mail Armor
26:56 Fletching
27:15 Pikeman
27:56 Squires
28:14 Chain Mail Armor
30:01 Conscription
31:17 Halberdier
33:01 Plate Mail Armor
32:41 Forging
33:30 Bodkin Arrow
33:36 Padded Archer Armor
34:27 Elite Skirmisher
36:31 Bracer
36:46 Leather Archer Armor
37:58 Ballistics
38:14 Leather Archer Armor
41:28 Ring Archer Armor
Connection lost

Rejoining the realm…

Still unreachable

The connection could not be restored.

Session expired

The server has moved on; the page needs a fresh start.